 Dungeon Crawl Stone Soup version 0.23.0 (webtiles) character file.

Game seed: 3014403706104486374

2850 Kniotic the Severer (level 9, 0/70 HPs)
             Began as a Minotaur Berserker on Feb 9, 2019.
             Was an Elder of Trog.
             Slain by a bullfrog (7 damage)
             ... on level 7 of the Dungeon.
             The game lasted 00:07:00 (5200 turns).

Kniotic the Severer (Minotaur Berserker)            Turns: 5200, Time: 00:07:00

Health: 0/70       AC:  6    Str: 29    XL:     9   Next: 46%
Magic:  8/8        EV: 11    Int:  4    God:    Trog [****..]
Gold:   190        SH:  0    Dex: 11    Spells: 8/8 levels left

rFire    . . .     SeeInvis .   o - +0 war axe (chop)
rCold    . . .     Gourm    .   (no shield)
rNeg     . . .     Faith    .   h - +0 scale mail
rPois    .         Spirit   .   (helmet restricted)
rElec    .         Reflect  .   (no cloak)
rCorr    .         Harm     .   (no gloves)
MR       .....                  (no boots)
Stlth    ..........             (no amulet)
HPRegen  0.21/turn              (no ring)
MPRegen  0.11/turn              (no ring)

@: confused, mighty, marked, berserk cooldown, very slightly contaminated,
slowed, studying Bows, lightly drained, very slow
A: retaliatory headbutt, horns 2
a: Berserk, Trog's Hand, Brothers in Arms, Renounce Religion


You were on level 7 of the Dungeon.
You worshipped Trog.
Trog was greatly pleased with you.
You were not hungry.

You visited 1 branch of the dungeon, and saw 7 of its levels.
You also visited: Sewer.

You collected 190 gold pieces.

Inventory:

Hand Weapons
 o - a +0 war axe of chopping (weapon)
 A - a +0 battleaxe
Armour
 h - a +0 scale mail (worn)
Jewellery
 w - an uncursed amulet of rage {unknown}
 y - an uncursed ring of stealth {unknown}
Wands
 m - a wand of digging (7)
 r - a wand of polymorph (10)
 s - a wand of disintegration (12)
 z - a wand of random effects (21)
Scrolls
 d - 5 scrolls of remove curse
 j - a scroll of blinking
 l - a scroll of enchant armour {unknown}
 p - a scroll of teleportation {unknown}
 q - a scroll of fear {unknown}
 u - a scroll of magic mapping {unknown}
 x - 2 scrolls of fog {unknown}
 B - a scroll of silence {unknown}
 C - a scroll of identify
Potions
 a - a potion of ambrosia
 e - 3 potions of curing
 f - 2 potions of cancellation
 g - a potion of haste
 i - 2 potions of flight {unknown}
 k - 2 potions of brilliance {unknown}
 n - 2 potions of heal wounds {unknown}
 v - a potion of agility {unknown}
Books
 t - a manual of Bows
Comestibles
 c - 8 rations


   Skills:
 - Level 3.6(3.3) Fighting
 + Level 15.1(14.7) Axes
 - Level 2.4(2.1) Armour
 - Level 2.1(1.9) Dodging


You had 8 spell levels left.
You didn't know any spells.
Your spell library was empty.

Dungeon Overview and Level Annotations

Branches:
Dungeon (7/15)             Temple (0/1) D:5

Altars:
Cheibriados
Makhleb
Trog
Uskayaw


Innate Abilities, Weirdness & Mutations

You reflexively headbutt those who attack you in melee.
You have a pair of horns on your head.


Message History

You kill the jackal!
Trog accepts your kill.
You hit the bullfrog. You slash the bullfrog!
You kill the bullfrog!
Trog accepts your kill. The bullfrog closely misses you. The bullfrog hits you.
* * * LOW HITPOINT WARNING * * *
It was a potion of curing.
You feel better. The bullfrog closely misses you.
The wight hits you with a cursed +1 great sword!
* * * LOW HITPOINT WARNING * * *
You feel drained.
* * * LOW HITPOINT WARNING * * *
The bullfrog snags a nearby millipede with its tongue.
The bullfrog hits you but does no damage.
It was a potion of ambrosia.
You are confused.
You feel invigorated.
The bullfrog hits you but does no damage.
The bullfrog hits you!
You die...

###... ..... #
##...###.. .#####...
........
.....####+##..
.............
............###+#####
............#...@Fz.#
##+##.......#....z..#
#.......#...##..#
#.......#...##..###
#.......+....#....#
#.....).#....#h)$.#
#.......#....#....#
#.......#...#######
#.......#...#


You could see a bullfrog and 2 wights.

Vanquished Creatures
  Harold (D:7)
  Pikel (D:6)
  Sigmund (D:2)
  2 orc warriors (D:6)
  A phantom (D:4)
  2 sky beasts (D:6)
  2 centaurs (D:6)
  A big kobold (Sewer)
  3 bullfrogs
  A gnoll sergeant (D:6)
  A water moccasin skeleton (D:4)
  A killer bee (D:5)
  2 wights
  A howler monkey (D:5)
  A crimson imp (D:6)
  A bullfrog skeleton (D:6)
  4 orc wizards
  2 worker ants
  A hound skeleton (D:5)
  3 gnolls (D:6)
  4 adders
  A howler monkey skeleton (D:4)
  A river rat (Sewer)
  An adder skeleton (D:4)
  A worm (D:3)
  A dart slug (D:3)
  5 leopard geckos
  14 orcs
  5 bats
  6 giant cockroaches
  10 goblins
  7 hobgoblins
  9 jackals
  5 quokkas
  4 ball pythons
  4 frilled lizards
  7 kobolds
  A leopard gecko skeleton (D:6)
  A quokka skeleton (D:6)
  9 rats
128 creatures vanquished.

Vanquished Creatures (others)
  3 wights (D:6)
3 creatures vanquished.

Grand Total: 131 creatures vanquished

Notes
Turn   | Place    | Note
-------+----------+-------------------------------------------
     0 | D:1      | Kniotic the Minotaur Berserker began the quest for the Orb.
     0 | D:1      | Reached XP level 1. HP: 19/19 MP: 0/0
   186 | D:1      | Reached skill level 4 in Axes
   549 | D:1      | Reached XP level 2. HP: 26/26 MP: 1/1
   992 | D:2      | Reached skill level 5 in Axes
  1017 | D:2      | Reached XP level 3. HP: 31/31 MP: 2/2
  1125 | D:2      | Noticed Sigmund
  1161 | D:2      | Killed Sigmund
  1161 | D:2      | Reached ** piety under Trog
  1161 | D:2      | Reached skill level 7 in Axes
  1161 | D:2      | Reached XP level 4. HP: 39/39 MP: 3/3
  1161 | D:2      | Reached XP level 5. HP: 45/45 MP: 4/4
  1771 | D:3      | Reached skill level 8 in Axes
  1777 | D:3      | Reached XP level 6. HP: 51/51 MP: 5/5
  1834 | D:3      | Found a snail-covered altar of Cheibriados.
  2002 | D:3      | Found a glowing drain.
  2007 | Sewer    | Entered a sewer
  2100 | Sewer    | Found a glowing silver altar of Zin.
  2226 | D:3      | Reached *** piety under Trog
  2466 | D:4      | Reached skill level 9 in Axes
  2644 | D:4      | Reached XP level 7. HP: 50/57 MP: 6/6
  2658 | D:4      | Reached skill level 10 in Axes
  3109 | D:5      | Entered Level 5 of the Dungeon
  3532 | D:5      | Found a staircase to the Ecumenical Temple.
  3695 | D:6      | Reached skill level 11 in Axes
  3728 | D:6      | Reached XP level 8. HP: 56/64 MP: 7/7
  3968 | D:6      | Found a bloodstained altar of Trog.
  4026 | D:6      | Noticed Pikel
  4039 | D:6      | Killed Pikel
  4039 | D:6      | Reached skill level 13 in Axes
  4059 | D:6      | Found a hide-covered altar of Uskayaw.
  4073 | D:6      | Reached **** piety under Trog
  4299 | D:6      | Found a burning altar of Makhleb.
  4732 | D:6      | Reached XP level 9. HP: 35/70 MP: 8/8
  5160 | D:7      | Noticed Harold
  5172 | D:7      | Killed Harold
  5172 | D:7      | Reached skill level 14 in Axes
  5193 | D:7      | Reached skill level 15 in Axes
  5198 | D:7      | HP: 3/70 [bullfrog (5)]
  5199 | D:7      | HP: 1/70 [wight/cursed +1 great sword (3)]
  5200 | D:7      | Slain by a bullfrog

Skill      XL: |  1  2  3  4  5  6  7  8  9 |
---------------+----------------------------+-----
Axes           | 4 5 7 8 9 11 13 15 | 15.1
Fighting       | |  3.6
Armour         | |  2.4
Dodging        | |  2.1

Action                   |  1- 3 |  4- 6 |  7- 9 || total
-------------------------+-------+-------+-------++-------
Melee: Hand axe          |    61 |   136 |    18 ||   215
       Headbutt          |     9 |    21 |    24 ||    54
       War axe           |       |       |   104 ||   104
Invok: Berserk           |     2 |     1 |     2 ||     5
  Use: Scroll            |       |     4 |     1 ||     5
       Potion            |       |       |     4 ||     4
  Eat: Chunk             |     2 |     6 |     7 ||    15
       Ration            |       |       |     1 ||     1
Armor: Animal skin       |     7 |       |       ||     7
       Scale mail        |     8 |    42 |    44 ||    94
Dodge: Dodged            |    44 |    51 |    68 ||   163
